 Dungeon Crawl Stone Soup version 0.22-a0-618-gd6a3efe (webtiles) character file.

1159 Amnesiac the Magician (level 8, -10/52 HPs)
             Began as a Mummy Earth Elementalist on July 13, 2018.
             Was an Initiate of Ashenzari.
             Shot with an arrow by a centaur (11 damage)
             ... on level 6 of the Dungeon.
             The game lasted 00:09:02 (6189 turns).

Amnesiac the Magician (Mummy Earth Elementalist)    Turns: 6189, Time: 00:09:02

Health: -10/52     AC:  4    Str:  8    XL:     8   Next: 16%
Magic:  14/18      EV: 12    Int: 15    God:    Ashenzari [......]
Gold:   146        SH:  0    Dex: 12    Spells: 13/20 levels left

rFire    x . .     SeeInvis .   a - +0 trident (venom)
rCold    + . .     Gourm    .   (no shield)
rNeg     + + +     Faith    .   c - +0 robe
rPois    ∞         Spirit   .   (no helmet)
rElec    .         Reflect  .   w - +0 cloak
rCorr    .         Harm     .   (no gloves)
MR       +....                  z - +0 pair of boots (curse)
Stlth    ++........             (no amulet)
HPRegen  0.17/turn              t - -3 ring of strength (curse)
MPRegen  0.16/turn              o - -2 ring of intelligence (curse)

@: no status effects
A: no food or potions, fire vulnerability, cold resistance 1, negative energy
resistance 3, torment resistance, unbreathing
a: Curse Item, Renounce Religion


You were on level 6 of the Dungeon.
You worshipped Ashenzari.
Ashenzari was noncommittal.
You were not hungry.

You visited 2 branches of the dungeon, and saw 7 of its levels.
You also visited: Sewer.

You collected 146 gold pieces.

Inventory:

Hand Weapons
 a - a +0 trident of venom (weapon)
 b - a +0 hunting sling
 m - a +0 blowgun
 r - a +1 mace of draining
 v - a +0 dagger
Missiles
 n - 28 poisoned needles
 q - 23 stones (quivered)
Armour
 c - a +0 robe (worn)
 w - a +0 cloak (worn)
 z - a cursed +0 pair of boots (worn)
Jewellery
 f - a +2 ring of strength
 o - a cursed -2 ring of intelligence (right hand)
 p - a +1 ring of evasion
 t - a cursed -3 ring of strength (left hand)
 u - an uncursed ring of protection from cold
Wands
 e - a wand of enslavement (27)
 x - a wand of iceblast (9)
Scrolls
 d - 2 scrolls of amnesia {!r}
 g - a scroll of fear {!r, unknown}
 h - 4 scrolls of identify {!r, unknown}
 i - 2 scrolls of remove curse {!r}
 j - 3 scrolls of teleportation {!r, unknown}
 k - a scroll of blinking {!r, unknown}
 l - 4 scrolls of magic mapping {!r, unknown}
 s - a scroll of random uselessness {!r, unknown}
 y - a scroll of fog {!r, unknown}


   Skills:
 + Level 1.4 Short Blades
 - Level 2.1 Dodging
 - Level 2.0 Stealth
 + Level 6.8 Spellcasting
 - Level 1.0 Transmutations
 * Level 6.7 Earth Magic


You had 13 spell levels left.
You knew the following spells:

 Your Spells              Type           Power        Failure   Level  Hunger
a - Sandblast             Erth           ####..       1%          1    N/A
b - Passwall              Tmut/Erth      ###.....     4%          2    N/A
e - Petrify               Tmut/Erth      ###.....     26%         4    N/A

Your spell library contained the following spells:

 Spells                   Type           Power        Failure   Level  Hunger
 Stone Arrow              Conj/Erth      ###...       10%         3    N/A
 Lee's Rapid Deconstruct  Erth           ####......   24%         5    N/A

Dungeon Overview and Level Annotations

Branches:
Dungeon (6/15)             Temple (1/1) D:6

Altars:
Ashenzari
Cheibriados
Elyvilon
Gozag
Kikubaaqudgha
Makhleb
Qazlal
Ru
Sif Muna
Trog
Uskayaw
Wu Jian
Xom
Zin
The Shining One


Innate Abilities, Weirdness & Mutations

You do not eat or drink.
Your flesh is vulnerable to fire.
You are immune to poison.
Your flesh is cold resistant. (rC+)
You are immune to negative energy. (rN+++)
You are immune to unholy pain and torment.
You can survive without breathing.


Message History

You disentangle yourself.
Found a stone staircase leading up. 2 centaurs come into view.
The centaur shouts! x2
The centaur wields a shortbow.
The centaur shoots an arrow.
The arrow barely misses you.
The centaur wields a shortbow.
The centaur shoots an arrow.
The arrow hits you but does no damage.
The centaur shoots an arrow.
The arrow closely misses you.
You hear a shout! x2
Found a book of Geomancy.
You see here an arrow.
There are monsters nearby!
There are monsters nearby!
The centaur shoots an arrow.
The arrow hits you!
You see here 2 arrows.
Put on which piece of jewellery? (? for menu, Esc to quit)
Okay, then.
The centaur shoots an arrow.
The arrow hits you.
You see here an arrow.
A quokka comes into view.
The centaur shoots an arrow.
The arrow completely misses you.
The centaur shoots an arrow.
The arrow hits you.
The centaur shoots an arrow.
The arrow misses you.
You see here 2 arrows.
The centaur shoots an arrow.
The arrow hits you but does no damage.
You see here an arrow.
The centaur shoots an arrow.
The arrow hits you!
You see here 2 arrows.
The centaur shoots an arrow.
The arrow closely misses you.
You see here an arrow.
You start resting.
The centaur shoots an arrow.
The arrow hits you but does no damage.
You see here an arrow.
You hit the centaur.
The centaur is lightly wounded.
The centaur shoots an arrow.
The arrow hits you!
* * * LOW HITPOINT WARNING * * *
The centaur unwields an uncursed shortbow.
The centaur barely misses you. The centaur hits you.
* * * LOW HITPOINT WARNING * * *
You closely miss the centaur.
The centaur is lightly wounded.
The centaur unwields an uncursed shortbow.
The centaur wields a war axe.
The centaur barely misses you. x3
The centaur hits you with a war axe.
* * * LOW HITPOINT WARNING * * *
You barely miss the centaur.
The centaur is lightly wounded.
The centaur hits you.
* * * LOW HITPOINT WARNING * * *
The centaur barely misses you. The centaur hits you.
* * * LOW HITPOINT WARNING * * *
Okay, then.
Casting: Sandblast (safe; 1% risk of failure)
Confirm with . or Enter, or press ? or * to list all spells.
Aiming: Petrify (quite dangerous; 26% risk of failure)
Press: ? - help, Shift-Dir - straight line, f - centaur
Aim: a centaur, wielding a war axe (chance to defeat MR: 47%)
The centaur resists with some effort.
The centaur hits you with a war axe!
* * * LOW HITPOINT WARNING * * *
The centaur closely misses you. x2
The centaur wields an uncursed shortbow.
The centaur shoots an arrow.
The arrow hits you!
You die...

........!.#################
#######..........>.(.......)....(
#PPPP.#####.....#.###############
#^.^^P#P.####.###.##<....# .
#PP_PP.#.#....###......... .:
#P...^#.#.######.........# ...
#P^P..##### #.######### ....
####### #.# c.... #@# #####r.....
#(######..(.# #ccr(...((#.#
###########.# .. ... .... ..c.#
....#


You could see 2 centaurs.

Vanquished Creatures
  Sigmund (D:4)
  Eustachio (D:4)
  2 ogres
  A phantom (D:4)
  A bullfrog (D:6)
  A scorpion (D:6)
  3 hounds
  2 centaur zombies (D:5)
  2 bullfrog skeletons (D:5)
  An orc priest (D:5)
  An orc wizard (D:5)
  A worker ant (D:5)
  2 gnolls
  9 adders
  A howler monkey skeleton (D:5)
  A shadow imp (D:4)
  3 oozes
  An adder skeleton (D:5)
  2 worms (D:4)
  A leopard gecko (D:3)
  5 orcs
  2 ball pythons (Sewer)
  2 giant cockroaches
  5 goblins
  3 hobgoblins
  22 jackals
  3 quokkas
  6 frilled lizards
  A jackal zombie (D:5)
  5 kobolds
  A quokka skeleton (D:5)
  3 rats (D:1)
  4 plants (Sewer)
99 creatures vanquished.

Vanquished Creatures (others)
  2 plants (Sewer)
2 creatures vanquished.

Grand Total: 101 creatures vanquished

Notes
Turn   | Place    | Note
-------+----------+-------------------------------------------
     0 | D:1      | Amnesiac the Mummy Earth Elementalist began the quest for the Orb.
     0 | D:1      | Reached XP level 1. HP: 13/13 MP: 4/4
   636 | D:1      | Reached XP level 2. HP: 15/19 MP: 5/5
   640 | D:1      | Learned a level 2 spell: Passwall
   860 | D:3      | Found a glowing drain.
   943 | Sewer    | Entered a sewer
  1036 | Sewer    | Reached skill level 1 in Transmutations
  1036 | Sewer    | Reached XP level 3. HP: 21/24 MP: 7/7
  1876 | Sewer    | Reached XP level 4. HP: 23/30 MP: 9/9
  1883 | Sewer    | Learned a level 4 spell: Petrify
  2681 | D:4      | Noticed an ogre
  2797 | D:4      | Killed an ogre
  2797 | D:4      | Reached XP level 5. HP: 35/35 MP: 5/11
  3227 | D:4      | Noticed a phantom
  3237 | D:4      | Killed a phantom
  3237 | D:4      | Reached XP level 6. HP: 20/41 MP: 4/13
  3291 | D:4      | Noticed Sigmund
  3408 | D:4      | Killed Sigmund
  3408 | D:4      | Reached skill level 5 in Spellcasting
  3408 | D:4      | Reached skill level 5 in Earth Magic
  3515 | D:4      | Noticed Eustachio
  3553 | D:4      | Killed Eustachio
  3553 | D:4      | Reached XP level 7. HP: 20/46 MP: 7/15
  3838 | D:3      | Found a white marble altar of Elyvilon.
  4067 | D:5      | Entered Level 5 of the Dungeon
  5162 | D:5      | Found an ornate altar of the Wu Jian Council.
  5360 | D:5      | Reached skill level 1 in Short Blades
  5360 | D:5      | Reached XP level 8. HP: 22/52 MP: 17/17
  6009 | D:6      | Found a staircase to the Ecumenical Temple.
  6018 | Temple   | Entered the Ecumenical Temple
  6047 | Temple   | Became a worshipper of Ashenzari the Shackled
  6138 | D:6      | Found a sacrificial altar of Ru.
  6188 | D:6      | HP: 1/52 [centaur/war axe (7)]
  6189 | D:6      | Shot with an arrow by a centaur

Vault maps used:
D:1:      onia_arrival_pyramid
D:2:      first_ration, uniq_jessica
D:3:      nicolae_overflow_hidden_temple, portal_sewer_entry_d, st_stairs_14
D:4:      uniq_sigmund, uniq_eustachio
D:5:      lemuel_doored_altar, serial_bayou_crossing
D:6:      grunt_temple_overflow_open, nicolae_ru_the_path_less_chosen,
          temple_hall, serial_shops, shop, elyvilon_altar_5
Temple:   minmay_temple_bridge_abc
Sewer:    sewer_co_scattered_pipes

Skill      XL: |  1  2  3  4  5  6  7 |
---------------+----------------------+-----
Spellcasting   | 3 4 5 6 |  6.8
Transmutations | 1 |  1.0
Earth Magic    | 3 4 5 6 |  6.7
Stealth        | 2 |  2.0
Dodging        | 2 |  2.1
Short Blades   | 1 |  1.4

Action                   |  1- 3 |  4- 6 |  7- 9 || total
-------------------------+-------+-------+-------++-------
Melee: Club              |    27 |       |       ||    27
       Mace              |   217 |   150 |    25 ||   392
       Whip              |     5 |       |       ||     5
       Trident           |       |    17 |   148 ||   165
 Cast: Sandblast         |    12 |    11 |    11 ||    34
       Passwall          |       |     2 |       ||     2
       Petrify           |       |     1 |     2 ||     3
  Use: Scroll            |     3 |       |       ||     3
 Stab: Sleeping          |     2 |     3 |     4 ||     9
Armor: Robe              |    16 |    15 |    30 ||    61
Dodge: Dodged            |    67 |    97 |   139 ||   303

Table legend:
 A = Spawn XP
 B = Non-spawn XP
 C = Spawn XP percentage of total XP
 D = Spawn monster count
 E = Non-spawn monster count
 F = Spawn count percentage of total count
 G = Total turns spent on level
                    A         B        C        D         E        F      G
               +---------+---------+-------+---------+---------+-------+---------
         Total |       0 |    1657 |   0.0 |       0 |      95 |   0.0 |  6189
               +---------+---------+-------+---------+---------+-------+---------
           D:1 |       0 |      13 |   0.0 |       0 |       8 |   0.0 |   724
           D:3 |       0 |      40 |   0.0 |       0 |      10 |   0.0 |   607
           D:4 |       0 |     834 |   0.0 |       0 |      25 |   0.0 |  1615
           D:5 |       0 |     521 |   0.0 |       0 |      25 |   0.0 |  1586
           D:6 |       0 |     160 |   0.0 |       0 |       2 |   0.0 |   244
         Sewer |       0 |      89 |   0.0 |       0 |      25 |   0.0 |  1344
               +---------+---------+-------+---------+---------+-------+---------
